cohdb
Replays
Latest Replays
All Replays
Popular Replays
Top Player Replays
Match Explorer
How It Works
Community
CoH3 Stats
Reddit
Sign in to upload your games and track your stats! →
Sign in with Steam
Match 41315547
Unlisted
Match 41315547
Overview
Messages
Build Orders
End
Panzergrenadier Squad
Panzerpioneer Squad
Panzergrenadier Squad
Selects Battlefield Espionage Battlegroup
Selects Sector Subterfuge Beacon
Construct Light Support Kompanie
MG34 Team
Selects Transfer Depots
2.5-tonne Medical Truck
Fire Support Elements
Panzerjäger Mechanized Group
Selects 250/3 Funkpanzerwagen
Flakvierling Half-track
Pak 38 Mechanized Group
Assault Grenadier Squad
Construct Panzerarmee Kommand
Veteran Squad Leaders
Selects Firestorm
Selects Anti-Tank Incendiary Munitions
Walking Stuka Rocket Launcher
MG34 Team
Selects Operation Skorpion
Armored Reserves
Panzer III Assault Group
Tungsten Core Ammunition
Tiger Heavy Tank
Rhodesian Commando
/\/\au5er
coledj0408
S.W.A
0
0
Comments
sign in to comment!
No comments posted yet!